 Dungeon Crawl Stone Soup version 0.26.1-11-gd32895ea62 (webtiles) character file.

Game seed: 382647023456945388

1674 phalm the Conjurer (level 9, -8/65 HPs)
             Began as a Gnoll Conjurer on June 4, 2021.
             Was a Follower of Ashenzari.
             Mangled by a vampire (10 damage)
             ... on level 6 of the Dungeon.
             The game lasted 00:15:18 (7017 turns).

phalm the Conjurer (Gnoll Conjurer)                 Turns: 7017, Time: 00:15:18

Health: -8/65      AC: 12    Str: 10    XL:     9   Next: 1%
Magic:  1/18       EV: 15    Int: 23    God:    Ashenzari [*.....]
Gold:   289        SH:  5    Dex: 14    Spells: 9/20 levels left

rFire    . . .     SeeInvis .   w - +4 quarterstaff (chaos)
rCold    + . .     Faith    .   (shield currently unavailable)
rNeg     . . .     Spirit   .   B - +3 leather armour of Xooxigh {rC+ Stlth+}
rPois    +         Reflect  +   l - +0 helmet
rElec    .         Harm     .   v - +1 cloak {rPois}
rCorr    +         Rampage  .   k - +0 pair of gloves
Will     .....                  n - +0 pair of boots
Stlth    ++++......             I - amulet of reflection
HPRegen  0.20/turn              Z - ring of wizardry (curse)
MPRegen  0.16/turn              R - ring of resist corrosion

@: no status effects
A: distributed training, fangs 1, strong nose
a: Renounce Religion, Curse Item, Scrying


You were on level 6 of the Dungeon.
You worshipped Ashenzari.
Ashenzari was aware of your devotion.
You visited 1 branch of the dungeon, and saw 6 of its levels.
You also visited: Sewer.

You collected 289 gold pieces.


Innate Abilities, Weirdness & Mutations

Your experience applies equally to all skills.
You have very sharp teeth.
Your uncanny sense of smell can sniff out nearby items.


   Skills:
 + Level 3.7 Fighting
 + Level 3.7 Short Blades
 + Level 3.7 Long Blades
 + Level 3.7 Axes
 + Level 3.7 Maces & Flails
 + Level 3.7 Polearms
 + Level 3.7 Staves
 + Level 3.7 Slings
 + Level 3.7 Bows
 + Level 3.7 Crossbows
 + Level 3.7 Throwing
 + Level 3.7 Armour
 + Level 6.0 Dodging
 + Level 5.7 Stealth
 + Level 3.7 Shields
 + Level 3.7 Unarmed Combat
 + Level 6.3 Spellcasting
 + Level 7.8 Conjurations
 + Level 3.1 Hexes
 + Level 3.1 Summonings
 + Level 3.1 Necromancy
 + Level 3.1 Translocations
 + Level 3.1 Transmutations
 + Level 3.1 Fire Magic
 + Level 3.1 Ice Magic
 + Level 3.1 Air Magic
 + Level 3.1 Earth Magic
 + Level 3.1 Poison Magic
 + Level 4.1 Invocations
 + Level 3.7 Evocations


You had 9 spell levels left.
You knew the following spells:

 Your Spells              Type           Power        Failure   Level
f - Fulminant Prism       Conj/Hex       16%          4%          4
m - Magic Dart            Conj           100%         1%          1
s - Searing Ray           Conj           86%          1%          2
X - Iskenderun's Mystic   Conj/Tloc      32%          4%          4

Your spell library contained the following spells:

 Spells                   Type           Power        Failure   Level
 Dazzling Flash           Conj/Hex       64%          1%          3

Inventory:

Hand Weapons
 w - a +4 quarterstaff of chaos (weapon)
   (You took it off Crazy Yiuf on level 3 of the Dungeon)
Missiles
 i - 3 boomerangs
 r - 24 bolts
 s - 47 sling bullets
 J - 3 poisoned darts
Armour
 k - a +0 pair of gloves (worn)
   (You found it on level 2 of the Dungeon)
 l - a +0 helmet (worn)
   (You took it off Robin on level 2 of the Dungeon)
 m - a +1 animal skin
   (You took it off Robin on level 2 of the Dungeon)
 n - a +0 pair of boots (worn)
   (You found it on level 2 of the Dungeon)
 v - a +1 cloak of poison resistance (worn)
   (You took it off Crazy Yiuf on level 3 of the Dungeon)
 B - the +3 leather armour of Xooxigh (worn) {rC+ Stlth+}
   (You found it on level 5 of the Dungeon)

   It protects you from cold.
   It makes you more stealthy.
Magical Staves
 y - an uncursed staff of death {!a}
   (You found it on level 4 of the Dungeon)
Jewellery
 u - an uncursed amulet of magic regeneration
   (You found it on level 3 of the Dungeon)
 C - an uncursed ring of ice
   (You found it on level 5 of the Dungeon)
 D - a +6 ring of dexterity
   (You found it on level 2 of the Dungeon)
 G - an uncursed amulet of guardian spirit
   (You found it on level 3 of the Dungeon)
 I - an amulet of reflection (around neck)
   (You found it on level 5 of the Dungeon)
 R - a ring of resist corrosion (right hand)
   (You found it on level 4 of the Dungeon)
 Z - a cursed ring of wizardry (left hand)
   (You found it on level 2 of the Dungeon)
Wands
 p - a wand of acid (9)
   (You found it on level 3 of the Dungeon)
 q - a wand of digging (6)
   (You took it off Jessica on level 3 of the Dungeon)
 z - a wand of iceblast (8)
   (You found it on level 5 of the Dungeon)
Scrolls
 b - 3 scrolls of immolation {!r!r}
 c - a scroll of magic mapping {!r}
 d - 2 scrolls of random uselessness {unknown}
 f - 4 scrolls of remove curse {@r2}
 g - a scroll of noise {unknown}
 h - 5 scrolls of teleportation {unknown}
 j - a scroll of identify {@r1}
 t - 2 scrolls of amnesia {unknown}
 H - a scroll of enchant weapon {unknown}
Potions
 a - 4 potions of might
 e - 2 potions of mutation {!q}
 o - a potion of flight
 x - a potion of attraction {unknown}
 A - 4 potions of brilliance {unknown}
 E - 3 potions of heal wounds {unknown}
 F - 6 potions of curing {@q1}

Dungeon Overview and Level Annotations

Branches:
Dungeon (6/15)              Sewer (visited)
 Temple: D:4-7

Altars:
Ashenzari
Xom
Yredelemnul

####.....# #.
.........#.. # ∆
#.......#. .#
#........ ..
#.......# .#
#......)# ..
#.......###.###..
#.......@{..†....
#.......####.##..
#...(.......
#..[....####
##......#
####......#
#<####.####
#.####.# #......#


There were no monsters in sight!


Message History

Deactivating autopickup; reactivate with Ctrl-A.
The phantom hits you but does no damage. 😎 MP[-1]
You lost 1 mp, and now have 8/17 mp.
Casting: Magic Dart (safe; 1% risk of failure)
Confirm with . or Enter, or press ? or * to list all spells.
Aiming: Searing Ray (safe; 1% risk of failure)
Press: ? - help, Shift-Dir - straight line, p - phantom The searing ray hits the phantom!
The searing ray hits the ooze! (Press . to maintain the ray.)
The phantom closely misses you. 😎 MP[-2]
You lost 2 mp, and now have 6/17 mp.
The searing ray hits the phantom!
You destroy the phantom!
The searing ray hits the ooze!
You kill the ooze!
Your Dodging skill increases to level 6!
You have reached level 9!
Your experience leads to an increase in your attributes!
Increase (S)trength, (I)ntelligence, or (D)exterity?
You feel clever. 😎 HP[+5] MP[-1]
You now have 65 max hp (+5).
Your hp is fully restored (65).
The searing ray hits something.
The searing ray hits something!
You finish channeling your searing ray.
Something hits you. Something bites you!
Something draws strength from your injuries! 😮 HP[-17] MP[-1]
You take 17 damage, and now have 48/65 hp.
MASSIVE DAMAGE!! (PAUSE)
You lost 1 mp, and now have 4/18 mp.
Casting: Searing Ray (safe; 1% risk of failure)
Confirm with . or Enter, or press ? or * to list all spells.
Aiming: Fulminant Prism (dangerous; 4% risk of failure)
Press: ? - help, Dir - move target You conjure a prism of explosive energy!
A fulminant prism comes into view.
Something barely misses you. x2 😮 MP[-4]
You lost 4 mp, and now have 0/18 mp.
Casting: Fulminant Prism (dangerous; 4% risk of failure)
Confirm with . or Enter, or press ? or * to list all spells.
You don't have enough magic to cast that spell.
You completely miss something. Something hits you!
Something bites you but does no damage.
Your fulminant prism crackles loudly.
You hear some strange, mumbled words.
Something tries to affect you, but you resist. 😮 HP[-12]
You take 12 damage, and now have 36/65 hp.
Unknown command.
You miss something. You bite something.
The blast of energy engulfs something!
Something hits you but does no damage. Something bites you.
Something draws strength from your injuries! 😮 HP[-2]
You take 2 damage, and now have 34/65 hp.
You hit something but do no damage.
Nothing appears to happen.
You hear some strange, mumbled words.
Something tries to affect you, but you resist. 😮 HP[+1]
You hit something but do no damage. You bite something. Something hits you!
* * * LOW HITPOINT WARNING * * *
Something bites you!
* * * LOW HITPOINT WARNING * * *
Something draws strength from your injuries! 😨 HP[-16] MP[+1]
You take 16 damage, and now have 19/65 hp.
MASSIVE DAMAGE!! (PAUSE)
Aiming: Corrosive Bolt
Press: ? - help, Shift-Dir - straight line The adder hisses angrily.
Something hits you.
* * * LOW HITPOINT WARNING * * *
Something bites you but does no damage. 😱 HP[-3]
You take 3 damage, and now have 16/65 hp.
Aiming: Corrosive Bolt
Press: ? - help, Shift-Dir - straight line Something hits you!
* * * LOW HITPOINT WARNING * * *
Something bites you.
* * * LOW HITPOINT WARNING * * *
Something draws strength from your injuries! 😱 HP[-11]
You take 11 damage, and now have 5/65 hp.
Aiming: Corrosive Bolt
Press: ? - help, Shift-Dir - straight line, f - adder
Aim: an adder (43% to evade)
The bolt of acid hits the adder!
The adder is splashed with acid.
You kill the adder!
You hear some strange, mumbled words.
Something tries to affect you, but you resist.
Aiming: Corrosive Bolt
Press: ? - help, Shift-Dir - straight line The bolt of acid hits something.
The acid corrodes something!
Something hits you.
* * * LOW HITPOINT WARNING * * *
Something bites you!
You die...

Skill      XL: |  1  2  3  4  5  6  7  8 |
---------------+-------------------------+-----
Spellcasting   | 5 6 |  6.3
Invocations    | 1 2 3 4 |  4.1
Fighting       | 1 2 3 |  3.7
Short Blades   | 1 2 3 |  3.7
Long Blades    | 1 2 3 |  3.7
Axes           | 1 2 3 |  3.7
Maces & Flails | 1 2 3 |  3.7
Polearms       | 1 2 3 |  3.7
Staves         | 1 2 3 |  3.7
Slings         | 1 2 3 |  3.7
Bows           | 1 2 3 |  3.7
Crossbows      | 1 2 3 |  3.7
Throwing       | 1 2 3 |  3.7
Armour         | 1 2 3 |  3.7
Shields        | 1 2 3 |  3.7
Unarmed Combat | 1 2 3 |  3.7
Evocations     | 1 2 3 |  3.7
Hexes          | 1 2 3 |  3.1
Summonings     | 1 2 3 |  3.1
Necromancy     | 1 2 3 |  3.1
Translocations | 1 2 3 |  3.1
Transmutations | 1 2 3 |  3.1
Fire Magic     | 1 2 3 |  3.1
Ice Magic      | 1 2 3 |  3.1
Air Magic      | 1 2 3 |  3.1
Earth Magic    | 1 2 3 |  3.1
Poison Magic   | 1 2 3 |  3.1
Dodging        | 5 6 |  6.0
Stealth        | 5 |  5.7
Conjurations   | |  7.8

Action                   |  1- 3 |  4- 6 |  7- 9 || total
-------------------------+-------+-------+-------++-------
Melee: Dagger            |     1 |       |       ||     1
       Club              |       |     1 |       ||     1
       Quarterstaff      |       |     2 |    14 ||    16
       Bite              |       |       |     5 ||     5
 Cast: Magic Dart        |    50 |   119 |   146 ||   315
       Searing Ray       |     2 |    20 |    24 ||    46
       Fulminant Prism   |       |       |     1 ||     1
Invok: Curse Item        |       |     1 |       ||     1
Evoke: Wand              |       |       |     4 ||     4
  Use: Scroll            |       |     1 |     6 ||     7
 Stab: Sleeping          |       |       |     1 ||     1
Armor: Animal skin       |       |     5 |     5 ||    10
       Leather armour    |       |       |    12 ||    12
Dodge: Dodged            |     2 |    15 |    23 ||    40
Block: Other             |       |       |     2 ||     2

Levels and vault maps discovered:
D:1:      amcnicky_arrival_flooded_fountain, layout_rooms, st_stairs_9
D:2:      kennysheep_the_goblin_king, layout_basic,
          gammafunk_temple_overflow_pools, uniq_robin
D:3:      layout_basic, serial_bayou_ford_a, led_xom_imps,
          uniq_crazy_yiuf_cottage, uniq_jessica
D:4:      layout_cave_pods, hangedman_abyss_or_decor_stagger, uniq_natasha,
          uniq_ijyb, uniq_blork_the_orc, uniq_sigmund
D:5:      layout_loops_ring, serial_undead, serial_undead_e, serial_undead_c,
          serial_undead_b, serial_undead_a, serial_undead_f,
          portal_sewer_entry_b
D:6:      layout_basic, serial_shops, shop, st_stairs_3

Notes
Turn   | Place    | Note
-------+----------+-------------------------------------------
     0 | D:1      | phalm the Gnoll Conjurer began the quest for the Orb.
     0 | D:1      | Reached XP level 1. HP: 13/13 MP: 6/6
     0 | D:1      | magus.rc [v1.9.10]
   120 | D:1      | Reached XP level 2. HP: 19/19 MP: 4/7
   126 | D:1      | Learned a level 2 spell: Searing Ray
   340 | D:1      | magus.rc [v1.9.10]
   408 | D:1      | Reached XP level 3. HP: 25/25 MP: 0/9
   540 | D:1      | Reached skill level 5 in Spellcasting
   644 | D:1      | Reached skill level 1 in Invocations
   860 | D:2      | Reached skill level 1 in Fighting
   860 | D:2      | Reached skill level 1 in Short Blades
   860 | D:2      | Reached skill level 1 in Long Blades
   860 | D:2      | Reached skill level 1 in Axes
   860 | D:2      | Reached skill level 1 in Maces & Flails
   860 | D:2      | Reached skill level 1 in Polearms
   860 | D:2      | Reached skill level 1 in Staves
   860 | D:2      | Reached skill level 1 in Slings
   860 | D:2      | Reached skill level 1 in Bows
   860 | D:2      | Reached skill level 1 in Crossbows
   860 | D:2      | Reached skill level 1 in Throwing
   860 | D:2      | Reached skill level 1 in Armour
   860 | D:2      | Reached skill level 1 in Shields
   860 | D:2      | Reached skill level 1 in Unarmed Combat
   860 | D:2      | Reached skill level 1 in Evocations
  1100 | D:2      | Reached XP level 4. HP: 32/32 MP: 9/11
  1105 | D:2      | Learned a level 4 spell: Fulminant Prism
  1110 | D:2      | Learned a level 4 spell: Iskenderun's Mystic Blast
  1253 | D:2      | Noticed Robin
  1257 | D:2      | Killed Robin
  1377 | D:2      | Reached skill level 1 in Hexes
  1377 | D:2      | Reached skill level 1 in Summonings
  1377 | D:2      | Reached skill level 1 in Necromancy
  1377 | D:2      | Reached skill level 1 in Translocations
  1377 | D:2      | Reached skill level 1 in Transmutations
  1377 | D:2      | Reached skill level 1 in Fire Magic
  1377 | D:2      | Reached skill level 1 in Ice Magic
  1377 | D:2      | Reached skill level 1 in Air Magic
  1377 | D:2      | Reached skill level 1 in Earth Magic
  1377 | D:2      | Reached skill level 1 in Poison Magic
  1512 | D:2      | Found a broken altar of Ashenzari.
  1547 | D:2      | Found a basalt altar of Yredelemnul.
  1554 | D:2      | Became a worshipper of Ashenzari the Shackled
  1897 | D:2      | Reached XP level 5. HP: 37/37 MP: 5/12
  2536 | D:3      | Noticed Jessica
  2540 | D:3      | Killed Jessica
  2789 | D:3      | Found a runed translucent door.
  2790 | D:3      | Noticed Crazy Yiuf
  2890 | D:3      | Found a shimmering altar of Xom.
  3053 | D:3      | Reached XP level 6. HP: 44/44 MP: 6/13
  3202 | D:3      | Reached skill level 2 in Invocations
  3572 | D:3      | Reached skill level 5 in Dodging
  3758 | D:3      | Killed Crazy Yiuf
  3759 | D:3      | Reached skill level 2 in Fighting
  3759 | D:3      | Reached skill level 2 in Short Blades
  3759 | D:3      | Reached skill level 2 in Long Blades
  3759 | D:3      | Reached skill level 2 in Axes
  3759 | D:3      | Reached skill level 2 in Maces & Flails
  3759 | D:3      | Reached skill level 2 in Polearms
  3759 | D:3      | Reached skill level 2 in Staves
  3759 | D:3      | Reached skill level 2 in Slings
  3759 | D:3      | Reached skill level 2 in Bows
  3759 | D:3      | Reached skill level 2 in Crossbows
  3759 | D:3      | Reached skill level 2 in Throwing
  3759 | D:3      | Reached skill level 2 in Armour
  3759 | D:3      | Reached skill level 2 in Shields
  3759 | D:3      | Reached skill level 2 in Unarmed Combat
  3759 | D:3      | Reached skill level 2 in Evocations
  3816 | D:4      | Reached * piety under Ashenzari
  3932 | D:4      | Noticed Sigmund
  3946 | D:4      | Killed Sigmund
  3947 | D:4      | Reached XP level 7. HP: 31/51 MP: 7/15
  4169 | D:4      | Noticed Blork the orc
  4179 | D:4      | Reached skill level 2 in Hexes
  4179 | D:4      | Reached skill level 2 in Summonings
  4179 | D:4      | Reached skill level 2 in Necromancy
  4179 | D:4      | Reached skill level 2 in Translocations
  4179 | D:4      | Reached skill level 2 in Transmutations
  4179 | D:4      | Reached skill level 2 in Fire Magic
  4179 | D:4      | Reached skill level 2 in Ice Magic
  4179 | D:4      | Reached skill level 2 in Air Magic
  4179 | D:4      | Reached skill level 2 in Earth Magic
  4179 | D:4      | Reached skill level 2 in Poison Magic
  4179 | D:4      | Killed Blork the orc
  4180 | D:4      | Reached skill level 5 in Stealth
  4185 | D:4      | Reached skill level 3 in Invocations
  4333 | D:4      | Noticed Ijyb
  4351 | D:4      | Killed Ijyb
  4823 | D:4      | Noticed Natasha
  4825 | D:4      | Killed Natasha
  4826 | D:4      | Reached XP level 8. HP: 57/57 MP: 13/16
  4897 | D:4      | Noticed Natasha
  4902 | D:4      | Killed Natasha
  4993 | D:5      | Entered Level 5 of the Dungeon
  5029 | D:5      | Reached skill level 3 in Fighting
  5029 | D:5      | Reached skill level 3 in Short Blades
  5029 | D:5      | Reached skill level 3 in Long Blades
  5029 | D:5      | Reached skill level 3 in Axes
  5029 | D:5      | Reached skill level 3 in Maces & Flails
  5029 | D:5      | Reached skill level 3 in Polearms
  5029 | D:5      | Reached skill level 3 in Staves
  5029 | D:5      | Reached skill level 3 in Slings
  5029 | D:5      | Reached skill level 3 in Bows
  5029 | D:5      | Reached skill level 3 in Crossbows
  5029 | D:5      | Reached skill level 3 in Throwing
  5029 | D:5      | Reached skill level 3 in Armour
  5029 | D:5      | Reached skill level 3 in Shields
  5029 | D:5      | Reached skill level 3 in Unarmed Combat
  5029 | D:5      | Reached skill level 3 in Evocations
  5069 | D:5      | Reached skill level 6 in Spellcasting
  5147 | D:5      | Got the uncursed leather armour of Xooxigh {rC+ Stlth+}
  5161 | D:5      | Found a glowing drain.
  5174 | Sewer    | Entered a sewer
  5185 | Sewer    | Identified the +3 leather armour of Xooxigh {rC+ Stlth+}
                  | (You found it on level 5 of the Dungeon)
  6551 | D:5      | Reached skill level 4 in Invocations
  6797 | D:5      | Reached skill level 3 in Hexes
  6797 | D:5      | Reached skill level 3 in Summonings
  6797 | D:5      | Reached skill level 3 in Necromancy
  6797 | D:5      | Reached skill level 3 in Translocations
  6797 | D:5      | Reached skill level 3 in Transmutations
  6797 | D:5      | Reached skill level 3 in Fire Magic
  6797 | D:5      | Reached skill level 3 in Ice Magic
  6797 | D:5      | Reached skill level 3 in Air Magic
  6797 | D:5      | Reached skill level 3 in Earth Magic
  6797 | D:5      | Reached skill level 3 in Poison Magic
  6996 | D:6      | Noticed a vampire
  7007 | D:6      | Reached skill level 6 in Dodging
  7007 | D:6      | Reached XP level 9. HP: 65/65 MP: 5/18
  7014 | D:6      | HP: 16/65 [something (3)]
  7015 | D:6      | HP: 5/65 [something (3)]
  7017 | D:6      | HP: 2/65 [something (4)]
  7017 | D:6      | Mangled by a vampire

Vanquished Creatures
  Sigmund (D:4)
  An ice beast (D:5)
  A sky beast (D:5)
  2 phantoms
  A big kobold (Sewer)
  Blork the orc (D:4)
  A bullfrog (D:5)
  4 crimson imps (D:3)
  A centaur zombie (D:5)
  A bullfrog zombie (D:5)
  An orc wizard (D:4)
  Crazy Yiuf (D:3)
  2 hounds
  Jessica (D:3)
  A bullfrog skeleton (D:4)
  Ijyb (D:4)
  An iguana (D:5)
  Natasha (twice) (D:4)
  2 worker ants
  2 hound zombies (D:5)
  A worker ant zombie (D:5)
  3 hound skeletons (D:5)
  A howler monkey zombie (D:5)
  Robin (D:2)
  A gnoll (D:1)
  12 adders
  4 river rats (Sewer)
  A white imp (D:5)
  An ooze (D:6)
  3 worms
  A dart slug (D:2)
  5 leopard geckos
  3 orcs
  7 ball pythons
  9 bats
  5 giant cockroaches
  21 goblins
  16 hobgoblins
  5 jackals
  23 kobolds
  4 quokkas
  10 frilled lizards
  A jackal zombie (D:4)
  2 leopard gecko skeletons (D:5)
  A leopard gecko zombie (D:5)
  A quokka skeleton (D:5)
  A quokka zombie (D:4)
  29 rats
200 creatures vanquished.

Vanquished Creatures (others)
  A fulminant prism (D:6)
  9 plants (D:3)
10 creatures vanquished.

Grand Total: 210 creatures vanquished

Table legend:
 A = Non-vault XP
 B = Vault XP
 C = Vault XP percentage of total XP
 D = Non-vault monster count
 E = Vault monster count
 F = Vault count percentage of total count
                 A         B        C        D         E       F
            +---------+---------+-------+---------+---------+-------
      Total |    1198 |    1194 |  49.9 |     105 |      95 |  47.5
            +---------+---------+-------+---------+---------+-------
        D:1 |      53 |       3 |   5.4 |      22 |       2 |   8.3
        D:2 |      72 |      49 |  40.5 |      30 |      19 |  38.8
        D:3 |      68 |     271 |  79.9 |      22 |       6 |  21.4
        D:4 |     329 |     390 |  54.2 |      12 |       4 |  25.0
        D:5 |     454 |     210 |  31.6 |      15 |      15 |  50.0
        D:6 |     222 |       7 |   3.1 |       4 |       1 |  20.0
      Sewer |       0 |     264 | 100.0 |       0 |      48 | 100.0
            +---------+---------+-------+---------+---------+-------

Illustrated notes

Table legend:
 A = Kills in this place as a percentage of kills in entire the game.
 B = Kills by you in this place as a percentage of kills by you in the entire game.
 C = Kills by friends in this place as a percentage of kills by friends in the entire game.
 D = Other kills in this place as a percentage of other kills in the entire game.
 E = Experience gained in this place as a percentage of experience gained in the entire game.
 F = Experience gained in this place divided by the number of levels of this place that you have seen.
                   A       B       C       D       E      F
               +-------+-------+-------+-------+-------+----------------------
         Total | 100.0 | 100.0 |   N/A |   N/A | 100.0 | 341.7
       Dungeon |  76.0 |  76.0 |   N/A |   N/A |  89.0 | 354.7
         Sewer |  24.0 |  24.0 |   N/A |   N/A |  11.0 | 264.0
               +-------+-------+-------+-------+-------+----------------------

Table legend: (Time is in decaauts)
 A = Elapsed time spent in this place.
 B = Non-inter-level travel time spent in this place.
 C = Inter-level travel time spent in this place.
 D = Time resting spent in this place.
 E = Time spent auto-exploring this place.
 F = Levels seen in this place.
 G = Mean time per level.
                   A        B        C        D        E       F      G
               +--------+--------+--------+--------+--------+-----+--------+
         Total |   7045 |   6957 |     88 |      0 |   5930 |   7 | 1006.4 |
       Dungeon |   6256 |   6168 |     88 |      0 |   5401 |   6 | 1042.7 |
         Sewer |    788 |    788 |      0 |      0 |    529 |   1 |  788.0 |
               +--------+--------+--------+--------+--------+-----+--------+

Top non-repeatable levels by time:
     D:3: 1589 daAuts
     D:2: 1405 daAuts
     D:4: 1183 daAuts
     D:5: 1132 daAuts
     D:1: 828 daAuts
   Sewer: 788 daAuts
     D:6: 117 daAuts
